 Dungeon Crawl Stone Soup version 0.31-a0-845-g9abc20d24f (webtiles) character file.

Game seed: 1209946685654356683

73 Leibowitz the Cutter (level 4, -7/27 HPs)
             Began as a Kobold Gladiator on Oct 3, 2023.
             Mangled by Crazy Yiuf
             ... wielding a +2 quarterstaff of chaos
              (8 damage)
             ... on level 3 of the Dungeon.
             The game lasted 00:05:52 (1885 turns).

Leibowitz the Cutter (Kobold Gladiator)             Turns: 1885, Time: 00:05:54

Health: -7/27      AC:  4    Str: 11    XL:     4   Next: 51%
Magic:  4/4        EV: 16    Int:  9    God:
Gold:   141        SH:  0    Dex: 18    Spells: 3/3 levels left

rFire   . . .        f - +0 dagger (elec)
rCold   . . .        (no shield)
rNeg    . . .        b - +0 leather armour
rPois   .            c - +0 helmet
rElec   .            (no cloak)
rCorr   .            (no gloves)
SInv    .            (no boots)
Will    .....        (no amulet)
Stlth   +++          (no ring)
HPRegen 0.24/turn    (no ring)
MPRegen 0.09/turn

%: no passive effects
@: no status effects
A: small, no large weapons, nightstalker 3
a: no special abilities


You were on level 3 of the Dungeon.
You visited 1 branch of the dungeon, and saw 3 of its levels.

You collected 141 gold pieces.

Inventory:

Hand Weapons
 a - a +0 rapier
 f - a +0 dagger of electrocution (weapon)
Missiles
 d - 3 throwing nets (quivered)
 e - 2 boomerangs
Armour
 b - a +0 leather armour (worn)
 c - a +0 helmet (worn)
Talismans
 i - a beast talisman
Scrolls
 h - 3 scrolls of identify {unknown}
 j - a scroll of noise {unknown}
 k - 4 scrolls of amnesia {unknown}
 l - a scroll of enchant weapon {unknown}
 p - a scroll of immolation {unknown}
 q - a scroll of vulnerability {unknown}
 r - a scroll of fear {unknown}
Potions
 g - 4 potions of curing {unknown}
 m - a potion of magic {unknown}
 n - 3 potions of brilliance {unknown}
 o - 3 potions of ambrosia {unknown}


   Skills:
 * Level 2.4 Fighting
 * Level 5.2 Short Blades
 - Level 2.1 Throwing
 + Level 0.3 Armour
 * Level 4.2 Dodging
 * Level 2.6 Stealth


You had 3 spell levels left.
You didn't know any spells.
Your spell library contained the following spells:

 Spells                   Type           Power      Damage    Failure   Level
 Magic Dart               Conj           0%         1d3       47%         1
 Call Imp                 Summ           0%         N/A       63%         2
 Dazzling Flash           Conj/Hex       0%         N/A       85%         3
 Frozen Ramparts          Ice            0%         1d1       85%         3
 Mephitic Cloud           Conj/Pois/Air  0%         N/A       85%         3
 Cause Fear               Hex            0%         N/A       99%         4
 Petrify                  Tmut/Erth      0%         N/A       99%         4
 Agony                    Necr           0%         N/A       100%        5
 Fireball                 Conj/Fire      0%         3d3       100%        5
 Metabolic Englaciation   Hex/Ice        0%         N/A       100%        5
 Silence                  Hex/Air        0%         N/A       100%        5
 Chain Lightning          Conj/Air       0%         N/A       100%        9
 Dragon's Call            Summ           0%         N/A       100%        9
 Fire Storm               Conj/Fire      0%         5d1       100%        9
 Shatter                  Erth           0%         3d5*      100%        9


Dungeon Overview and Level Annotations

Branches:
Dungeon (3/15)

Altars:
Kikubaaqudgha
Xom

Annotations:
D:3 Crazy Yiuf


Innate Abilities, Weirdness & Mutations

You are small and have problems with some larger weapons.
You are completely attuned to the shadows.


Message History

A giant cockroach comes into view.
Found 2 ruby potions.
The helpless giant cockroach fails to defend itself.
You impale the giant cockroach!!
Lightning courses through the giant cockroach!!
You kill the giant cockroach!
o - 3 ruby potions (gained 2)
You see here a rat corpse.
There is a stone staircase leading down here.
You see here a +0 falchion.
Found a runed translucent door.
Found a hammer.
You open the door.
Crazy Yiuf shouts!
There is an open translucent door here.
You hit Crazy Yiuf but do no damage. You hit Crazy Yiuf.
Crazy Yiuf is lightly wounded.
Crazy Yiuf closely misses you.
You hit Crazy Yiuf but do no damage.
Crazy Yiuf is lightly wounded.
Crazy Yiuf hits you with a +2 quarterstaff of chaos!
Crazy Yiuf draws strength from your wounds!
You barely miss Crazy Yiuf. Crazy Yiuf closely misses you.
You hit Crazy Yiuf but do no damage. You hit Crazy Yiuf.
Crazy Yiuf is lightly wounded.
Crazy Yiuf barely misses you.
You closely miss Crazy Yiuf.
Crazy Yiuf is lightly wounded.
Crazy Yiuf completely misses you.
You hit Crazy Yiuf but do no damage.
Crazy Yiuf is lightly wounded.
You hit Crazy Yiuf.
Crazy Yiuf is moderately wounded.
Crazy Yiuf hits you with a +2 quarterstaff of chaos!
Ouch! That really hurt!
* * * LOW HITPOINT WARNING * * *
Crazy Yiuf burns you!
You die...

#### #####
#...# #..)#
#...# #...#
#...########
#.g.#
#.(........†
#@#
#...########
♣♣.♣ #....#
♣.♣♣
#....#######
♣♣.♣
#^.........#
♣.♣♣
#..........#
♣♣.♣♣
####<......#
♣...♣♣
#........
♣....♣
####.###.#.#
#....#
#..#.###....


You could see Crazy Yiuf.

Vanquished Creatures
  An adder (D:2)
  3 dart slugs
  2 bats (D:1)
  A bat zombie (D:3)
  8 endoplasms
  3 giant cockroaches
  5 goblins
  12 hobgoblins
  A quokka (D:1)
  2 ball pythons
  3 frilled lizards
  2 kobolds
  6 rats
  A rat zombie (D:3)
50 creatures vanquished.

Notes
Turn   | Place    | Note
-------+----------+-------------------------------------------
     0 | D:1      | Leibowitz the Kobold Gladiator began the quest for the Orb.
     0 | D:1      | Reached XP level 1. HP: 12/12 MP: 1/1
   191 | D:1      | Reached XP level 2. HP: 17/17 MP: 2/2
   405 | D:1      | Reached XP level 3. HP: 22/22 MP: 3/3
   853 | D:2      | Reached skill level 5 in Short Blades
   891 | D:2      | Reached skill level 1 in Stealth
   969 | D:2      | Reached XP level 4. HP: 27/27 MP: 4/4
  1019 | D:2      | Found a shimmering altar of Xom.
  1689 | D:3      | Found an ancient bone altar of Kikubaaqudgha.
  1871 | D:3      | Found a runed translucent door.
  1874 | D:3      | Noticed Crazy Yiuf
  1885 | D:3      | HP: 1/27 [Crazy Yiuf/+2 quarterstaff of chaos (17)]
  1885 | D:3      | Mangled by Crazy Yiuf

Illustrated notes

Levels and vault maps discovered:
D:1:      dpeg_arrival_round_c, layout_rooms
D:2:      layout_loops_ring, basic_altar
D:3:      layout_rooms, lemuel_zombie_altar_kikubaaqudgha, grunt_decor_junction,
          uniq_crazy_yiuf_cottage

Skill      XL: |  1  2  3 |
---------------+----------+-----
Dodging        | 4 |  4.2
Short Blades   | 5 |  5.2
Stealth        | 2 |  2.6
Fighting       | |  2.4
Throwing       | |  2.1
Armour         | |  0.3

Action                     |  1- 3 |  4- 6 || total
---------------------------+-------+-------++-------
  Melee: Rapier            |     9 |       ||     9
         Dagger            |    45 |    45 ||    90
         Punch             |       |     1 ||     1
   Stab: Sleeping          |    17 |    10 ||    27
 Armour: Leather armour    |     6 |     7 ||    13
  Dodge: Dodged            |    29 |    15 ||    44
   Form: Beast             |     1 |       ||     1
                           |     1 |       ||     1

Table legend: (Time is in decaauts)
 A = Elapsed time spent in this place.
 B = Non-inter-level travel time spent in this place.
 C = Inter-level travel time spent in this place.
 D = Time resting spent in this place.
 E = Time spent auto-exploring this place.
 F = Levels seen in this place.
 G = Mean time per level.
                   A        B        C        D        E       F      G
               +--------+--------+--------+--------+--------+-----+--------+
         Total |   1862 |   1841 |     21 |      0 |   1452 |   3 |  620.7 |
       Dungeon |   1862 |   1841 |     21 |      0 |   1452 |   3 |  620.7 |
               +--------+--------+--------+--------+--------+-----+--------+

Top non-repeatable levels by time:
     D:2: 768 daAuts
     D:1: 598 daAuts
     D:3: 494 daAuts
